 Dungeon Crawl Stone Soup version 0.20-a0-871-g785f14b (webtiles) character file.

7505 Brouzouf the Carver (level 11, -4/73 HPs)
             Began as a Barachi Skald on Mar 14, 2017.
             Was a Priest of Okawaru.
             Killed by divine providence
             ... invoked by an orc priest
              (13 damage)
             ... on level 10 of the Dungeon.
             The game lasted 01:15:59 (13563 turns).

Brouzouf the Carver (Barachi Skald)                Turns: 13563, Time: 01:16:01

Health: -4/73      AC:  6    Str: 18    XL:     11   Next: 16%
Magic:  14/16      EV: 17    Int: 15    God:    Okawaru [***...]
Gold:   240        SH:  0    Dex: 13    Spells: 2/16 levels left

rFire    + . .     SeeInvis .   a - +2 falchion (holy)
rCold    + . .     Gourm    .   F - +2 leather armour {rF+}
rNeg     . . .     Faith    .   (no shield)
rPois    +         Spirit   .   (no helmet)
rElec    .         Reflect  .   U - +0 cloak
rCorr    .         Harm     .   (no gloves)
MR       .....                  (no boots)
Stlth    +.........             H - amulet of regeneration
Regen    0.7/turn               I - ring of poison resistance
MPRegen  0.2/turn               n - ring of protection from cold

@: mighty, about to teleport, singing (expiring), can't hop, slow
A: +LOS, swims, slowness 1, strong legs 1
a: Hop, Heroism, Renounce Religion, Stop Singing


You were on level 10 of the Dungeon.
You worshipped Okawaru.
Okawaru was most pleased with you.
You were hungry.

You visited 1 branch of the dungeon, and saw 10 of its levels.
You also visited: Sewer.

You collected 458 gold pieces.
You spent 218 gold pieces at shops.

Inventory:

Hand Weapons
 a - a +2 falchion of holy wrath (weapon)
 b - a +0 shortbow
Missiles
 y - 3 javelins (quivered)
 E - 6 tomahawks
 P - a throwing net
 S - 106 arrows
 Y - 4 exploding tomahawks
Armour
 F - a +2 leather armour of fire resistance (worn)
 O - a +2 robe of cold resistance
 R - a scarf of cold resistance
 U - a +0 cloak (worn)
Jewellery
 n - a ring of protection from cold (left hand)
 x - an uncursed ring of flight
 H - an amulet of regeneration (around neck)
 I - a ring of poison resistance (right hand)
 X - an uncursed amulet of guardian spirit {unknown}
Wands
 G - a wand of flame (16/48)
 M - a wand of polymorph (9/24)
 N - a wand of random effects (17/48)
 W - a wand of iceblast (15/15)
Scrolls
 e - 3 scrolls of fear {unknown}
 f - a scroll of fog {unknown}
 h - 2 scrolls of noise {unknown}
 j - 10 scrolls of teleportation
 k - 2 scrolls of enchant armour {unknown}
 l - 13 scrolls of identify
 o - 4 scrolls of blinking {unknown}
 q - 4 scrolls of recharging
 s - 3 scrolls of amnesia {unknown}
 v - 4 scrolls of remove curse
 A - 5 scrolls of enchant weapon {unknown}
 D - a scroll of random uselessness {unknown}
 J - 3 scrolls of magic mapping {unknown}
 T - a scroll of torment {unknown}
Potions
 m - 3 potions of heal wounds {unknown}
 r - 2 potions of haste {unknown}
 t - a potion of berserk rage {unknown}
 u - 2 potions of might
 z - 2 potions of invisibility {unknown}
 B - 2 potions of flight {unknown}
 K - 2 potions of magic {unknown}
 L - a potion of curing
Books
 c - a book of Battle

   Spells                             Type                      Level
   a - Infusion                       Charms                       1
   b - Shroud of Golubria             Charms/Translocation         2
   c - Song of Slaying                Charms                       2
   d - Spectral Weapon                Hexes/Charms                 3
   e - Regeneration                   Charms/Necromancy            3
 w - a book of Minor Magic

   Spells                             Type                      Level
   a - Magic Dart                     Conjuration                  1
   b - Blink                          Translocation                2
   c - Call Imp                       Summoning                    2
   d - Slow                           Hexes                        2
   e - Conjure Flame                  Conjuration/Fire             3
   f - Mephitic Cloud                 Conjuration/Poison/Air       3
 C - a book of Maledictions

   Spells                             Type                      Level
   a - Corona                         Hexes                        1
   b - Ensorcelled Hibernation        Hexes/Ice                    2
   c - Confuse                        Hexes                        3
   d - Tukima's Dance                 Hexes                        3
   e - Dazzling Spray                 Conjuration/Hexes            3
 V - a book of Conjurations

   Spells                             Type                      Level
   a - Magic Dart                     Conjuration                  1
   b - Searing Ray                    Conjuration                  2
   c - Dazzling Spray                 Conjuration/Hexes            3
   d - Fulminant Prism                Conjuration/Hexes            4
   e - Force Lance                    Conjuration/Translocation    4
   f - Iskenderun's Mystic Blast      Conjuration                  4
 Z - a book of Debilitation

   Spells                             Type                      Level
   a - Corona                         Hexes                        1
   b - Slow                           Hexes                        2
   c - Inner Flame                    Hexes/Fire                   3
   d - Portal Projectile              Hexes/Translocation          3
   e - Cause Fear                     Hexes                        4
   f - Leda's Liquefaction            Hexes/Earth                  4
Comestibles
 d - 11 bread rations
 g - 7 meat rations
 i - a chunk of flesh
 p - 4 royal jellies
 Q - 5 fruits


   Skills:
 - Level 2.4 Fighting
 - Level 14.2 Long Blades
 - Level 1.2 Armour
 + Level 9.4 Dodging
 * Level 3.4 Spellcasting
 - Level 1.2 Conjurations
 + Level 6.1 Hexes
 - Level 6.0 Charms


You had 2 spell levels left.
You knew the following spells:

 Your Spells              Type           Power        Failure   Level  Hunger
a - Infusion              Chrm           ###.         1%          1    None
b - Song of Slaying       Chrm           ###.....     3%          2    ##.....
c - Shroud of Golubria    Chrm/Tloc      ##........   12%         2    ##.....
d - Magic Dart            Conj           #...         14%         1    None
e - Confuse               Hex            ###.....     6%          3    ###....
f - Slow                  Hex            ###.....     2%          2    ##.....
g - Regeneration          Chrm/Necr      ##........   24%         3    ###....


Dungeon Overview and Level Annotations

Branches:
Dungeon (10/15)            Temple (0/1) D:7            Lair (0/6) D:9
    Orc: D:9-12

Altars:
Cheibriados
Dithmenos
Kikubaaqudgha
Makhleb
Okawaru
Ru
Sif Muna
Trog
Wu Jian

Shops:
D:4 %}*   D:6 *   D:7 }

Annotations:
D:6 1 runed door
D:10 Gastronok, Joseph


Innate Abilities, Weirdness & Mutations

Shadows flee at your approach. (+LOS)
You can swim through water.
You cover ground slowly.
You can hop short distances.


Message History

Joseph is lightly wounded.
Joseph zaps a wand.
The bolt of lightning hits you!
* * * LOW HITPOINT WARNING * * *
You feel better. Joseph hits you with a quarterstaff!
* * * LOW HITPOINT WARNING * * *
Okay, then.
Hop to where?
Press: ? - help, Dir - move target cursor, p - orc Boing!
Joseph unwields an uncursed quarterstaff.
Joseph wields a runed hunting sling.
It is covered in frost.
Joseph shoots a sling bullet.
The sling bullet misses you.
Your song is almost over.
Joseph zaps a wand.
The bolt of lightning misses you.
As you read the scroll of teleportation, it crumbles to dust.
You feel strangely unstable.
The orc seems less confused.
The orc priest calls down the wrath of Beogh upon you.
Beogh smites you!
You die...

#..........######
#...............#
#...#'#######...#
#...#.......#...#
#...#.......#...#
#...#[......#...#
#...#.......#...#
....##########...#########...#
.....oo)@....@.(.............#
.......#########.......#######
...### #.......# . #.......#
#.......# #########


You could see Joseph, an orc priest and an orc.

Vanquished Creatures
  2 two-headed ogres (D:9)
  An elephant (D:9)
  Psyche (D:8)
  A hippogriff (D:9)
  3 wyverns
  A spriggan (D:9)
  Sigmund (D:6)
  A yak (D:9)
  Menkaure (D:6)
  A hungry ghost (D:8)
  2 basilisks (D:9)
  2 orc warriors (D:8)
  2 sky beasts (D:5)
  3 phantoms
  A centaur (D:7)
  4 ogres
  A crocodile (D:5)
  A gnoll sergeant (D:8)
  7 bullfrogs
  A scorpion (D:4)
  6 killer bees (D:9)
  4 wights (D:8)
  5 howler monkeys
  A vampire bat (D:8)
  6 crimson imps
  A bullfrog zombie (D:7)
  2 jellies
  A centaur zombie (D:10)
  2 hounds
  3 orc priests
  2 iguanas
  12 orc wizards
  3 bullfrog skeletons
  10 worker ants
  2 hound zombies (D:5)
  2 hound skeletons
  A worker ant zombie (D:7)
  3 gnolls
  3 river rats (Sewer)
  16 adders
  2 shadow imps
  5 oozes
  An adder zombie (D:8)
  7 worms
  2 dart slugs
  4 leopard geckos
  19 orcs
  11 ball pythons
  7 bats
  2 bat skeletons (D:8)
  2 bat zombies (D:8)
  8 giant cockroaches
  10 goblins
  6 hobgoblins
  11 jackals
  7 quokkas
  10 frilled lizards
  A giant cockroach zombie (D:5)
  3 kobolds
  35 rats
275 creatures vanquished.

Vanquished Creatures (others)
  An orc wizard (D:7)
1 creature vanquished.

Grand Total: 276 creatures vanquished

Notes
Turn   | Place    | Note
-------+----------+-------------------------------------------
     0 | D:1      | Brouzouf the Barachi Skald began the quest for the Orb.
     0 | D:1      | Reached XP level 1. HP: 17/17 MP: 3/3
   134 | D:1      | Reached skill level 3 in Long Blades
   141 | D:1      | Reached XP level 2. HP: 11/23 MP: 0/5
   145 | D:1      | Learned a level 2 spell: Song of Slaying
   148 | D:1      | Learned a level 2 spell: Shroud of Golubria
   836 | D:1      | Reached skill level 4 in Long Blades
  1032 | D:2      | Reached XP level 3. HP: 28/28 MP: 2/6
  1603 | D:2      | Reached skill level 5 in Long Blades
  1611 | D:2      | Reached XP level 4. HP: 22/34 MP: 7/7
  2227 | D:3      | Found a bloodstained altar of Trog.
  2619 | D:3      | Reached XP level 5. HP: 30/39 MP: 2/8
  2817 | D:3      | Found a burning altar of Makhleb.
  2843 | D:3      | Reached skill level 6 in Long Blades
  3555 | D:4      | Reached XP level 6. HP: 38/46 MP: 9/9
  3570 | D:4      | Learned a level 1 spell: Magic Dart
  3761 | D:4      | Reached skill level 7 in Long Blades
  3862 | D:4      | Found Suyxeng's Assorted Antiques.
  3871 | D:4      | Bought a glowing leather armour for 95 gold pieces
  3871 | D:4      | Bought a jewelled wooden wand for 76 gold pieces
  3871 | D:4      | Bought a scroll labeled IGUWEZADUGG for 19 gold pieces
  4258 | D:4      | Reached skill level 1 in Conjurations
  4478 | D:4      | Found Xahy's Gadget Shoppe.
  4485 | D:4      | Learned a level 3 spell: Confuse
  4584 | D:4      | Reached skill level 1 in Hexes
  4701 | D:4      | Reached XP level 7. HP: 51/51 MP: 4/10
  4921 | D:4      | Found Guikhoeg's Food Shoppe.
  4959 | D:5      | Entered Level 5 of the Dungeon
  4959 | D:5      | Found a glowing drain.
  5030 | D:5      | Reached skill level 8 in Long Blades
  5152 | Sewer    | Entered a sewer
  5621 | Sewer    | Reached XP level 8. HP: 30/57 MP: 7/11
  6245 | D:5      | Reached skill level 9 in Long Blades
  6254 | D:5      | Reached skill level 5 in Dodging
  6340 | D:5      | Found a deep blue altar of Sif Muna.
  7123 | D:6      | Noticed Menkaure
  7135 | D:6      | Killed Menkaure
  7409 | D:6      | Found Vuth's Assorted Antiques.
  7418 | D:6      | Noticed Sigmund
  7436 | D:6      | Reached skill level 10 in Long Blades
  7672 | D:5      | Reached XP level 9. HP: 62/62 MP: 5/12
  7761 | D:6      | Killed Sigmund
  7761 | D:6      | Reached skill level 5 in Charms
  7871 | D:6      | Bought a scroll labeled QOIRYF AGYLIM for 28 gold pieces
  7926 | D:6      | Found a runed door.
  8001 | D:6      | Found a shadowy altar of Dithmenos.
  8476 | D:7      | Found Gus Nac's Gadget Shoppe.
  8530 | D:7      | Reached skill level 11 in Long Blades
  8730 | D:7      | Found an iron altar of Okawaru.
  8740 | D:7      | Became a worshipper of Warmaster Okawaru
  9005 | D:7      | Found a staircase to the Ecumenical Temple.
  9639 | D:8      | Noticed Psyche
  9802 | D:8      | Learned a level 2 spell: Slow
  9846 | D:8      | Found an ornate altar of the Wu Jian Council.
  9879 | D:8      | Reached * piety under Okawaru
 10010 | D:8      | Reached skill level 12 in Long Blades
 10328 | D:8      | Reached XP level 10. HP: 43/68 MP: 1/13
 10595 | D:9      | Noticed a two-headed ogre
 10601 | D:9      | Noticed an elephant
 10609 | D:8      | Paralysed by Psyche for 2 turns
 10645 | D:8      | Killed Psyche
 10996 | D:8      | Found an ancient bone altar of Kikubaaqudgha.
 11108 | D:8      | Reached skill level 13 in Long Blades
 11180 | D:9      | Found a sacrificial altar of Ru.
 11226 | D:9      | Reached ** piety under Okawaru
 11353 | D:9      | Found a staircase to the Lair.
 11811 | D:9      | Found a snail-covered altar of Cheibriados.
 11942 | D:9      | Killed a two-headed ogre
 11942 | D:9      | Reached skill level 5 in Hexes
 12069 | D:9      | Noticed a two-headed ogre
 12084 | D:9      | Killed a two-headed ogre
 12084 | D:9      | Reached *** piety under Okawaru
 12084 | D:9      | Reached skill level 14 in Long Blades
 12334 | D:9      | Reached XP level 11. HP: 67/73 MP: 8/14
 12372 | D:9      | Learned a level 3 spell: Regeneration
 12604 | D:10     | Entered Level 10 of the Dungeon
 12721 | D:10     | Noticed Gastronok
 13543 | D:10     | Noticed Joseph
 13558 | D:10     | HP: 3/73 [Joseph/wand of lightning (?/15) (23)]
 13563 | D:10     | Killed from afar by an orc priest

Vault maps used:
D:1:      dpeg_arrival_central, nrook_mini_backslash
D:2:      minmay_misc_feat_ornament, serial_bayou_pond_e,
          minmay_misc_feat_plants, minivault_27
D:3:      minmay_diamond_boxcup, old_standard_altar, makhleb_grotto_becter,
          minmay_misc_feat_cross
D:4:      serial_shops, nicolae_shop_crystal, kennysheep_mini,
          nicolae_shop_window_shopping, first_bread
D:5:      lemuel_doored_altar, gup_sewer_entry_glass
D:6:      nicolae_dithmenos_shadow_blocks, serial_shops, shop, uniq_menkaure,
          uniq_crazy_yiuf_cottage, uniq_sigmund
D:7:      minmay_flawed_box, marbit_many_paths,
          minmay_temple_entry_enclosed_plants, serial_shops, shop
D:8:      kennysheep_vampire_church, kennysheep_little_box, uniq_psyche
D:9:      lemuel_crystal_altar, david_lair_generic, basic_altar, the_bakery
D:10:     st_stairs_13, lemuel_mausoleum_altar_kikubaaqudgha, uniq_joseph,
          uniq_gastronok
Sewer:    sewer_minmay_w

Skill      XL: |  1  2  3  4  5  6  7  8  9 10 11 |
---------------+----------------------------------+-----
Long Blades    | 3 4 5 6 7 8 10 12 14 | 14.2
Dodging        | 3 4 5 7 9 |  9.4
Conjurations   | 1 |  1.2
Hexes          | 1 3 4 5 6 |  6.1
Charms         | 4 6 |  6.0
Spellcasting   | 3 |  3.4
Fighting       | |  2.4
Armour         | |  1.2

Action                   |  1- 3 |  4- 6 |  7- 9 | 10-12 || total
-------------------------+-------+-------+-------+-------++-------
Melee: Falchion          |   109 |   248 |   652 |   280 ||  1289
       Scimitar          |       |       |    36 |     8 ||    44
 Fire: Shortbow          |       |       |    31 |    27 ||    58
Throw: Javelin           |       |     7 |    17 |     4 ||    28
       Tomahawk          |       |       |    11 |       ||    11
       Throwing net      |       |       |     1 |       ||     1
 Cast: Infusion          |     6 |    16 |    39 |    19 ||    80
       Song of Slaying   |     3 |     4 |    12 |     2 ||    21
       Shroud of Golubri |     1 |     8 |     9 |     6 ||    24
       Magic Dart        |       |     2 |     5 |       ||     7
       Confuse           |       |       |    27 |    14 ||    41
       Slow              |       |       |       |     8 ||     8
       Regeneration      |       |       |       |     1 ||     1
 Abil: Stop Singing      |     1 |     2 |     5 |       ||     8
       Hop               |       |     1 |     4 |     8 ||    13
Evoke: Wand              |       |       |     2 |       ||     2
  Use: Potion            |     1 |       |       |     6 ||     7
       Scroll            |       |       |       |     5 ||     5
 Stab: Sleeping          |       |     1 |     1 |       ||     2
       Confused          |       |       |     8 |     4 ||    12
  Eat: Chunk             |     3 |    12 |    22 |    15 ||    52
       Royal jelly       |       |       |     2 |     1 ||     3
       Fruit             |       |       |     1 |       ||     1
Armor: Leather armour    |    25 |    44 |   136 |    49 ||   254
Dodge: Dodged            |    75 |   143 |   410 |   211 ||   839
       Rpst.: Falchion   |    22 |    46 |   121 |    56 ||   245
       Scimitar          |       |       |     4 |       ||     4
